 Dungeon Crawl Stone Soup version 0.25.0-1-g7eea58d2a3 (webtiles) character file.

Game seed: 11562805358589849298

87 Esekla the Slasher (level 4, 0/40 HPs)
             Began as a Naga Warper on June 15, 2020.
             Succumbed to an adder's poison
             ... on level 2 of the Dungeon.
             The game lasted 00:08:29 (1875 turns).

Esekla the Slasher (Naga Warper)                    Turns: 1875, Time: 00:08:30

Health: 0/40       AC:  2    Str: 14    XL:     4   Next: 51%
Magic:  3/7        EV:  9    Int: 13    God:
Gold:   43         SH:  0    Dex: 11    Spells: 3/7 levels left

rFire    . . .     SeeInvis +   a - +0 falchion
rCold    . . .     Gourm    .   (no shield)
rNeg     . . .     Faith    .   b - +0 leather armour
rPois    +         Spirit   .   (no helmet)
rElec    .         Reflect  .   (no cloak)
rCorr    .         Harm     .   (no gloves)
MR       .....                  (no barding)
Stlth    +.........             (no amulet)
HPRegen  0.13/turn              k - ring of wizardry
MPRegen  0.10/turn              (no ring)

@: lethally poisoned (0 -> -5), shrouded, very slow
A: large, see invisible, deformed body, poison resistance, slowness 2, slow
metabolism 1, spit poison 1, AC +1
a: Spit Poison


You were on level 2 of the Dungeon.
You were very hungry.

You visited 1 branch of the dungeon, and saw 2 of its levels.

You collected 43 gold pieces.

Inventory:

Hand Weapons
 a - a +0 falchion (weapon)
 c - a +0 dagger
 g - a +0 dagger of venom
Missiles
 e - 5 boomerangs of dispersal (quivered)
Armour
 b - a +0 leather armour (worn)
Jewellery
 k - a ring of wizardry (left hand)
Scrolls
 d - a scroll of blinking
 i - a scroll of amnesia {unknown}
 j - a scroll of remove curse {unknown}
Comestibles
 f - 3 rations


   Skills:
 + Level 2.4 Fighting
 * Level 3.5 Long Blades
 - Level 0.8 Throwing
 - Level 0.7 Armour
 + Level 1.9 Dodging
 + Level 0.6 Stealth
 + Level 2.2 Spellcasting
 * Level 1.0 Charms
 + Level 3.0 Translocations


You had 3 spell levels left.
You knew the following spells:

 Your Spells              Type           Power        Failure   Level  Hunger
a - Shroud of Golubria    Chrm/Tloc      #.....       9%          2    ###....
b - Blink                 Tloc           N/A          6%          2    ###....

Your spell library contained the following spells:

 Spells                   Type           Power        Failure   Level  Hunger
 Gell's Gravitas          Tloc           #.........   11%         3    ####...
 Lesser Beckoning         Tloc           #.........   11%         3    ####...
 Teleport Other           Tloc           #.......     11%         3    ####...
 Passage of Golubria      Tloc           N/A          32%         4    #####..


Dungeon Overview and Level Annotations

Branches:
Dungeon (2/15)

Altars:


Innate Abilities, Weirdness & Mutations

You cannot wear boots.
Your serpentine skin is tough. (AC +1)
You have supernaturally acute eyesight. (SInv)
Armour fits poorly on your strangely shaped body.
Your system is resistant to poisons. (rPois)
You cover ground very slowly.
You have a slow metabolism.
You can spit poison.


Message History

You feel sick. The adder closely misses you.
You hit the adder but do no damage.
You are feeling very hungry.
The adder bites you.
* * * LOW HITPOINT WARNING * * *
You are more poisoned.
The adder poisons you! The adder bites you.
* * * LOW HITPOINT WARNING * * *
Your shroud falls apart!
You aren't carrying any potions.
Casting: Shroud of Golubria (safe; 9% risk of failure)
Confirm with . or Enter, or press ? or * to list all spells.
Space distorts slightly along a thin shroud covering your body.
* * * LOW HITPOINT WARNING * * *
You feel sick. The adder bites you.
* * * LOW HITPOINT WARNING * * *
You aren't carrying any potions.
Okay, then.
You closely miss the adder.
You die...

#..... ##.## . .......
#..# ... .......
####.#.....
#.......###.........#
#..........†######.#
.......###...#####.
.......##..#......# .
.....>##.##......#
..##........lS@......#
...#...#....#########
#..# #..### #
#..###.## #...#..#.†#
#.......# #..#...##
... ##.#.. # #.#....


You could see an adder and a leopard gecko.

Vanquished Creatures
  Jessica (D:1)
  2 oozes (D:1)
  5 dart slugs (D:1)
  5 bats (D:1)
  4 giant cockroaches (D:1)
  5 goblins (D:1)
  4 hobgoblins
  4 jackals (D:1)
  2 kobolds (D:1)
  2 ball pythons (D:1)
  A frilled lizard (D:1)
  7 rats
42 creatures vanquished.

Notes
Turn   | Place    | Note
-------+----------+-------------------------------------------
     0 | D:1      | Esekla the Naga Warper began the quest for the Orb.
     0 | D:1      | Reached XP level 1. HP: 19/19 MP: 3/3
   472 | D:1      | Reached XP level 2. HP: 22/26 MP: 5/5
   476 | D:1      | Learned a level 2 spell: Shroud of Golubria
   479 | D:1      | Learned a level 2 spell: Blink
   745 | D:1      | Reached XP level 3. HP: 30/32 MP: 6/6
  1683 | D:1      | Reached XP level 4. HP: 35/40 MP: 7/7
  1794 | D:2      | Noticed Jessica
  1799 | D:1      | Killed Jessica
  1799 | D:1      | Reached skill level 1 in Charms
  1874 | D:2      | HP: 1/40 [adder (3)]
  1875 | D:2      | Succumbed to an adder's poison

Illustrated notes

Levels and vault maps discovered:
D:1:      minmay_arrival_checkered_box, layout_loops_ring
D:2:      layout_rooms, uniq_jessica, uniq_terence, uniq_natasha

Skill      XL: |  1  2  3  4 |
---------------+-------------+-----
Long Blades    | 3 |  3.5
Charms         | 1 |  1.0
Fighting       | |  2.4
Throwing       | |  0.8
Armour         | |  0.7
Dodging        | |  1.9
Stealth        | |  0.6
Spellcasting   | |  2.2
Translocations | |  3.0

Action                   |  1- 3 |  4- 6 || total
-------------------------+-------+-------++-------
Melee: Falchion          |   104 |    15 ||   119
 Cast: Shroud of Golubri |     2 |     5 ||     7
 Abil: Spit Poison       |     4 |     3 ||     7
  Eat: Chunk             |     2 |       ||     2
Armor: Leather armour    |    23 |     7 ||    30
Dodge: Dodged            |    70 |    16 ||    86
       Rpst.: Falchion   |    19 |     6 ||    25
